 Dungeon Crawl Stone Soup version 0.20.1-1-g8b1a95d (webtiles) character file.

65 vishdafish the Chucker (level 3, -5/35 HPs)
             Began as a Troll Hunter on July 13, 2017.
             Killed by divine providence
             ... invoked by an orc priest
              (13 damage)
             ... on level 3 of the Dungeon.
             The game lasted 00:03:14 (1615 turns).

vishdafish the Chucker (Troll Hunter)               Turns: 1615, Time: 00:03:14

Health: -5/35      AC:  5    Str: 20    XL:     3   Next: 94%
Magic:  2/2        EV: 10    Int:  7    God:
Gold:   106        SH:  0    Dex: 11    Spells: 2/2 levels left

rFire    . . .     SeeInvis .   (no weapon)
rCold    . . .     Gourm    +   (no shield)
rNeg     . . .     Faith    .   b - +0 robe
rPois    .         Spirit   .   (helmet restricted)
rElec    .         Reflect  .   (no cloak)
rCorr    .         Harm     .   (gloves unavailable)
MR       .....                  (boots unavailable)
Stlth    +.........             (no amulet)
Regen    0.6/turn               (no ring)
MPRegen  0.1/turn               (no ring)

@: no status effects
A: unfitting armour, claws 3, fast metabolism 3, gourmand, regeneration 1,
shaggy fur 1, tough skin 2
a: no special abilities


You were on level 3 of the Dungeon.
You were very full.

You visited 1 branch of the dungeon, and saw 3 of its levels.

You collected 106 gold pieces.

Inventory:

Hand Weapons
 a - a +0 short sword
Missiles
 c - 5 large rocks (quivered)
 d - 2 throwing nets
Armour
 b - a +0 robe (worn)
Scrolls
 h - a scroll of fear {unknown}
 k - a scroll of enchant armour {unknown}
 l - 2 scrolls of enchant weapon {unknown}
 m - a scroll of identify
 n - 3 scrolls of remove curse
Potions
 e - 2 potions of haste
 j - 2 potions of curing {unknown}
 o - a potion of flight {unknown}
 q - a potion of cancellation {unknown}
Comestibles
 f - 5 bread rations
 g - 2 fruits
 i - 5 royal jellies
 p - a chunk of flesh


   Skills:
 + Level 2.0 Fighting
 * Level 4.4 Throwing
 + Level 2.2 Dodging
 - Level 0.3 Stealth


You had 2 spell levels left.
You didn't know any spells.

Dungeon Overview and Level Annotations

Branches:
Dungeon (3/15)

Altars:


Innate Abilities, Weirdness & Mutations

You are too large for most types of armour.
You have claws for hands.
Your metabolism is lightning-fast.
You like to eat raw meat.
Your natural rate of healing is unusually fast.
You are covered in fur. (AC +1)
You have very tough skin. (AC +2)


Message History

The adder hisses angrily.
The adder closely misses you. Something hits you but does no damage.
The adder barely misses you. The orc priest closely misses you.
You scratch the orc priest.
The orc priest is moderately wounded.
Something hits you but does no damage. The adder bites you but does no damage.
The orc priest mumbles some strange prayers to Beogh against you.
Beogh smites you!
You barely miss the orc priest.
The orc priest is moderately wounded.
The adder closely misses you. Something hits you.
* * * LOW HITPOINT WARNING * * *
The goblin hits you but does no damage.
The orc priest hits you but does no damage.
The adder barely misses you. The orc priest hits you with a dagger.
* * * LOW HITPOINT WARNING * * *
The orc priest invokes the aid of Beogh against you.
Beogh smites you!
You die...

[.##
......####..##..#..#..#
...# #.
.......##......#....#
...##..
#.........#....)..#
.......
......#..#$.....###
....#
#.#..##)#........#
...##
.###.....#K......=#.#
...#
...##.....o.......# ..
.###
#..#รท##ogo.......# ..
## #+#
#.#.#.@#........... . #
+.+ #.....#....####.###
## ##.## ##....#...#.#
.#
.###.#.###...#....##..#
.#
.....#.....<#..######.#
###.###........# .# #
#............# .#
....######[.##.# ##.##
#...##.#


You could see an orc priest, 2 orcs, a goblin and a kobold.

Vanquished Creatures
  2 adders (D:3)
  2 worms (D:2)
  A dart slug (D:2)
  A leopard gecko (D:2)
  2 orcs (D:3)
  4 giant cockroaches
  4 goblins
  2 hobgoblins (D:2)
  3 jackals (D:3)
  2 quokkas
  4 bats
  4 frilled lizards
  A kobold (D:2)
  6 rats
38 creatures vanquished.

Notes
Turn   | Place    | Note
-------+----------+-------------------------------------------
     0 | D:1      | vishdafish the Troll Hunter began the quest for the Orb.
     0 | D:1      | Reached XP level 1. HP: 19/19 MP: 0/0
   734 | D:2      | Reached XP level 2. HP: 24/28 MP: 1/1
   963 | D:2      | Reached skill level 4 in Throwing
  1338 | D:2      | Reached XP level 3. HP: 33/35 MP: 2/2
  1615 | D:3      | Killed from afar by an orc priest

Skill      XL: |  1  2  3 |
---------------+----------+-----
Throwing       | 4 |  4.4
Dodging        | 2 |  2.2
Fighting       | 2 |  2.0
Stealth        | |  0.3

Action                   || total
-------------------------++-------
Melee: Unarmed           ||   153
  Use: Scroll            ||     3
 Stab: Sleeping          ||     1
  Eat: Chunk             ||    18
       Fruit             ||     2
Armor: Robe              ||    81
Dodge: Dodged            ||   117
